 Dungeon Crawl Stone Soup version 0.24-a0-347-g1a3e1d35ff (webtiles) character file.

Game seed: 14527755467165163980

88 Lanoc the Chopper (level 4, -3/42 HPs)
             Began as a Troll Gladiator on May 22, 2019.
             Slain by a bullfrog skeleton (5 damage)
             ... on level 4 of the Dungeon.
             The game lasted 00:01:56 (727 turns).

Lanoc the Chopper (Troll Gladiator)                  Turns: 727, Time: 00:01:57

Health: -3/42      AC:  6    Str: 25    XL:     4   Next: 29%
Magic:  3/3        EV: 11    Int:  4    God:
Gold:   120        SH:  0    Dex: 12    Spells: 3/3 levels left

rFire    + . .     SeeInvis .   a - +0 war axe
rCold    + . .     Gourm    +   (no shield)
rNeg     . . .     Faith    .   b - +0 robe
rPois    +         Spirit   .   c - +0 hat
rElec    +         Reflect  .   (no cloak)
rCorr    +         Harm     .   (gloves unavailable)
MR       .....     Rnd*Tele +   (boots unavailable)
Stlth    +.........             (no amulet)
HPRegen  0.54/turn              g - +3 ring of strength
MPRegen  0.08/turn              o - ring of teleportation (curse)

@: resistant, hasted, very quick
A: large, unfitting armour, claws 3, fast metabolism 3, gourmand, regeneration
1, shaggy fur 1, tough skin 3
a: no special abilities


You were on level 4 of the Dungeon.
You were full.

You visited 1 branch of the dungeon, and saw 4 of its levels.

You collected 120 gold pieces.

Inventory:

Hand Weapons
 a - a +0 war axe (weapon)
Missiles
 d - 3 throwing nets (quivered)
 q - 5 atropa-tipped darts
Armour
 b - a +0 robe (worn)
 c - a +0 hat (worn)
Jewellery
 g - a +3 ring of strength (left claw)
 o - a cursed ring of teleportation (right claw)
 p - a +3 ring of intelligence {unknown}
Wands
 m - a wand of digging (5)
Scrolls
 e - a scroll of magic mapping {unknown}
 i - 3 scrolls of teleportation
 j - 2 scrolls of remove curse {unknown}
 n - a scroll of identify {unknown}
Comestibles
 f - 4 rations


   Skills:
 + Level 2.3 Fighting
 * Level 3.4 Axes
 - Level 1.7 Throwing
 + Level 3.0 Dodging


You had 3 spell levels left.
You didn't know any spells.
Your spell library contained the following spells:

 Spells                   Type           Power        Failure   Level  Hunger
 Magic Dart               Conj           #...         50%         1    ##.....
 Blink                    Tloc           N/A          65%         2    ###....
 Call Imp                 Summ           #.......     65%         2    ###....
 Slow                     Hex            #.......     65%         2    ###....
 Conjure Flame            Conj/Fire      #.......     86%         3    ####...
 Mephitic Cloud           Conj/Pois/Air  #.......     86%         3    ####...


Dungeon Overview and Level Annotations

Branches:
Dungeon (4/15)
 Temple: D:4-7

Altars:
Hepliaklqana

Shops:
D:4 [


Innate Abilities, Weirdness & Mutations

You are too large for most types of armour.
You have claws for hands.
Your metabolism is lightning-fast.
You like to eat raw meat.
Your natural rate of healing is unusually fast.
You are covered in fur. (AC +1)
You have extremely tough skin. (AC +3)


Message History

The hound zombie bites you but does no damage.
The bullfrog skeleton hits you but does no damage.
You closely miss the adder.
The adder is lightly wounded.
You hit the hound zombie.
You hit the bullfrog skeleton but do no damage.
You slash the centaur skeleton! The adder bites you.
* * * LOW HITPOINT WARNING * * *
The centaur skeleton hits you.
* * * LOW HITPOINT WARNING * * *
The hound zombie bites you.
* * * LOW HITPOINT WARNING * * *
The bullfrog skeleton closely misses you.
You miss the adder.
The adder is lightly wounded.
You hit the centaur skeleton. You barely miss the bullfrog skeleton.
You barely miss the hound zombie. The adder completely misses you.
The centaur skeleton closely misses you.
The hound zombie misses you. The bullfrog skeleton hits you.
You die...

..#.>..(........#
#................
###......).......
#..........PP....
#.....##....P/...
......##..#..##...
...... ..##.#..#
....J. ♣#.S#....#
###... #@Z...####
#. ♣∩♣ZZ......#
#.......#...
#♣.†....#
.........#
...#$#....## ..
#####... . ....
.....


You could see an adder, a hound zombie, a bullfrog skeleton and a centaur
skeleton.

Vanquished Creatures
  A hound zombie (D:4)
  2 worker ant zombies (D:4)
  An adder (D:3)
  An adder skeleton (D:4)
  An adder zombie (D:4)
  A dart slug (D:3)
  2 leopard geckos
  2 orcs (D:3)
  3 bats
  4 goblins
  5 hobgoblins
  2 quokkas
  4 frilled lizards
  A jackal zombie (D:4)
  2 kobolds
  A leopard gecko zombie (D:4)
  2 rats
35 creatures vanquished.

Notes
Turn   | Place    | Note
-------+----------+-------------------------------------------
     0 | D:1      | Lanoc the Troll Gladiator began the quest for the Orb.
     0 | D:1      | Reached XP level 1. HP: 19/19 MP: 0/0
    83 | D:1      | Reached XP level 2. HP: 25/28 MP: 1/1
   266 | D:3      | Reached XP level 3. HP: 31/35 MP: 2/2
   319 | D:3      | Found a hazy altar of Hepliaklqana.
   703 | D:4      | Found Xykid's Antique Armour Shop.
   711 | D:4      | Reached XP level 4. HP: 25/42 MP: 3/3
   726 | D:4      | HP: 2/42 [hound zombie (1)]
   727 | D:4      | Slain by a bullfrog skeleton

Levels and vault maps discovered:
D:1:      dpeg_arrival_castle, layout_rooms, nrook_mini_backslash,
          grunt_decor_one_mirror
D:2:      layout_basic, corexii_shack, uniq_crazy_yiuf_cottage
D:3:      layout_rooms, overflow_temple_1_default
D:4:      layout_cave_pools, lemuel_doored_altar, minmay_temple_entry_wispy,
          first_ration, serial_undead, serial_undead_a, serial_undead_e,
          serial_undead_e, serial_undead_c, serial_undead_f, serial_undead_f,
          serial_shops, nicolae_shop_trees

Skill      XL: |  1  2  3  4 |
---------------+-------------+-----
Fighting       | 2 |  2.3
Axes           | 3 |  3.4
Dodging        | 3 |  3.0
Throwing       | |  1.7

Action                   |  1- 3 |  4- 6 || total
-------------------------+-------+-------++-------
Melee: War axe           |    77 |    11 ||    88
  Use: Scroll            |     1 |       ||     1
       Potion            |       |     3 ||     3
 Stab: Sleeping          |     1 |       ||     1
  Eat: Chunk             |    10 |       ||    10
Armor: Robe              |    48 |    23 ||    71
Dodge: Dodged            |    59 |    29 ||    88

Table legend:
 A = Non-vault XP
 B = Vault XP
 C = Vault XP percentage of total XP
 D = Non-vault monster count
 E = Vault monster count
 F = Vault count percentage of total count
                 A         B        C        D         E       F
            +---------+---------+-------+---------+---------+-------
      Total |      66 |      60 |  47.6 |      29 |       6 |  17.1
            +---------+---------+-------+---------+---------+-------
        D:1 |      13 |       0 |   0.0 |       8 |       0 |   0.0
        D:2 |      12 |       0 |   0.0 |       7 |       0 |   0.0
        D:3 |      33 |       0 |   0.0 |      11 |       0 |   0.0
        D:4 |       8 |      60 |  88.2 |       3 |       6 |  66.7
            +---------+---------+-------+---------+---------+-------
